 Dungeon Crawl Stone Soup version 0.22-a0-608-g8a62e23 (webtiles) character file.

284 Mamutox the Grave Robber (level 6, 0/45 HPs)
             Began as a Demonspawn Necromancer on July 9, 2018.
             Killed from afar by an orc wizard (4 damage)
             ... with a puff of flame
             ... on level 4 of the Dungeon.
             The game lasted 00:26:24 (3846 turns).

Mamutox the Grave Robber (Demonspawn Necromancer)   Turns: 3846, Time: 00:26:25

Health: 0/45       AC: 13    Str:  9    XL:     6   Next: 7%
Magic:  9/10       EV: 12    Int: 17    God:
Gold:   267        SH:  0    Dex: 14    Spells: 9/11 levels left

rFire    . . .     SeeInvis .   i - +0 mace
rCold    + . .     Gourm    .   (no shield)
rNeg     . . .     Faith    .   z - +0 leather armour
rPois    .         Spirit   .   A - +2 helmet
rElec    .         Reflect  .   t - +0 cloak
rCorr    .         Harm     .   (no gloves)
MR       .....                  (no boots)
Stlth    ++........             (no amulet)
HPRegen  0.15/turn              m - +3 ring of slaying
MPRegen  0.12/turn              p - ring of protection from cold

@: sanguine armour
A: talons 2, powered by death 1, spiny 1, sanguine armour 1
a: no special abilities


You were on level 4 of the Dungeon.
You were hungry.

You visited 1 branch of the dungeon, and saw 4 of its levels.

You collected 267 gold pieces.

Inventory:

Hand Weapons
 i - a +0 mace (weapon)
Missiles
 e - 66 stones
 h - 5 javelins (quivered)
 r - 12 bolts
 v - 20 poisoned needles
Armour
 a - a +0 robe
 k - a +0 helmet
 t - a +0 cloak (worn)
 z - a +0 leather armour (worn)
 A - a +2 helmet (worn)
Jewellery
 m - a +3 ring of slaying (left hand)
 p - a ring of protection from cold (right hand)
Scrolls
 b - a scroll of noise {unknown}
 d - 3 scrolls of identify {unknown}
 j - 2 scrolls of remove curse
 q - a scroll of amnesia {unknown}
 s - 2 scrolls of teleportation
 u - a scroll of blinking {unknown}
 y - a scroll of enchant weapon {unknown}
Potions
 f - 2 potions of might {unknown}
 g - a potion of degeneration {unknown}
 l - a potion of invisibility {unknown}
 n - a potion of brilliance {unknown}
 o - a potion of lignification {unknown}
 w - 2 potions of resistance {unknown}
 B - a potion of heal wounds {unknown}
 C - 2 potions of curing {unknown}
Comestibles
 c - 8 rations


   Skills:
 + Level 2.3 Fighting
 + Level 1.6 Throwing
 * Level 1.9 Armour
 - Level 2.5 Dodging
 - Level 1.8 Stealth
 - Level 0.1 Unarmed Combat
 - Level 3.0 Spellcasting
 - Level 5.3 Necromancy


You had 9 spell levels left.
You knew the following spells:

 Your Spells              Type           Power        Failure   Level  Hunger
c - Animate Skeleton      Necr           N/A          2%          1    None
x - Pain                  Necr           ###.         2%          1    None

Your spell library contained the following spells:

 Spells                   Type           Power        Failure   Level  Hunger
 Animate Dead             Necr           N/A          26%         4    ####...
 Vampiric Draining        Necr           ###.......   8%          3    ###....
 Regeneration             Chrm/Necr      ##........   24%         3    ###....


Dungeon Overview and Level Annotations

Branches:
Dungeon (4/15)
 Temple: D:4-7

Altars:
Hepliaklqana
The Shining One

Annotations:
D:3 1 runed door


Innate Abilities, Weirdness & Mutations

You have razor-sharp toenails.
You regenerate a little health from kills.
You are partially covered in sharp spines.
When seriously injured, your bleeding wounds create armour. (AC +6)


Message History

The puff of frost hits you! You resist.
* * * LOW HITPOINT WARNING * * *
A puff of frost appears from out of thin air!
The puff of frost misses you.
The orc wizard casts a spell.
The orc wizard flickers and vanishes!
A puff of frost appears from out of thin air!
The puff of frost hits you! You resist.
* * * LOW HITPOINT WARNING * * *
Something hits you but does no damage.
You hear some strange, mumbled words.
A puff of flame appears from out of thin air!
The puff of flame hits you!
An orc wizard appears from thin air!
Reactivating autopickup.
The orc wizard hits you but does no damage.
The orc wizard barely misses you. The orc wizard casts a spell at you.
The puff of flame hits you!
You die...

#.......#....#####......
#.......#.#..# ##.......
#.....#...#.####........
#.....#####{###.........
#.....'.# #.##..........
#.....#.# #.#...........
#....Z#.# #.#...........
#.....#.# #.#.......≈..≈
###.#.#@###.#........≈≈.
#######'#.#.o...#........≈≈.
#.........#######.......≈..≈
#............# #...........
#....(....##.# #...........
#............#####..........
#######'#..[.#...##.........
####.#....#.#.###........
######
#....####.#.....##.......


You could see an orc wizard.

Vanquished Creatures
  An ogre (D:4)
  A hound (D:4)
  An orc wizard (D:4)
  Terence (D:3)
  5 adders
  An adder skeleton (D:4)
  A worm (D:4)
  2 leopard geckos
  5 orcs (D:4)
  2 giant cockroaches (D:2)
  3 goblins
  4 hobgoblins
  8 jackals
  A quokka (D:2)
  A ball python (D:3)
  6 bats
  4 frilled lizards
  5 kobolds
  A leopard gecko skeleton (D:4)
  9 rats
62 creatures vanquished.

Vanquished Creatures (collateral kills)
  A worm (D:2)
  An orc (D:4)
  A ball python (D:4)
  4 rats (D:1)
7 creatures vanquished.

Grand Total: 69 creatures vanquished

Notes
Turn   | Place    | Note
-------+----------+-------------------------------------------
     0 | D:1      | Mamutox the Demonspawn Necromancer began the quest for the Orb.
     0 | D:1      | Reached XP level 1. HP: 13/13 MP: 3/3
    50 | D:1      | Learned a level 1 spell: Animate Skeleton
   117 | D:1      | Gained mutation: You have sharp toenails. [demonic ancestry]
   117 | D:1      | Reached XP level 2. HP: 14/19 MP: 0/5
   897 | D:2      | Gained mutation: You have razor-sharp toenails. [demonic ancestry]
   897 | D:2      | Reached XP level 3. HP: 25/25 MP: 4/6
   908 | D:2      | Reached skill level 5 in Necromancy
  1229 | D:2      | Found a faded altar of an unknown god.
  1459 | D:2      | Reached skill level 1 in Fighting
  1833 | D:3      | Found a glowing golden altar of the Shining One.
  1833 | D:3      | Noticed an angel
  1834 | D:3      | Found a runed door.
  2013 | D:3      | Gained mutation: You are partially covered in sharp spines. [demonic ancestry]
  2013 | D:3      | Reached XP level 4. HP: 30/32 MP: 4/7
  2167 | D:3      | Noticed Terence
  2176 | D:3      | Killed Terence
  2260 | D:3      | Found a hazy altar of Hepliaklqana.
  2958 | D:4      | Gained mutation: When seriously injured, your bleeding wounds create armour. (AC +6) [demonic ancestry]
  2958 | D:4      | Reached XP level 5. HP: 12/37 MP: 3/9
  3202 | D:4      | Reached skill level 1 in Throwing
  3206 | D:4      | Noticed a phantom
  3207 | D:4      | Reached skill level 1 in Armour
  3474 | D:4      | Noticed an ogre
  3642 | D:4      | Killed an ogre
  3642 | D:4      | Gained mutation: You regenerate a little health from kills. [demonic ancestry]
  3642 | D:4      | Reached XP level 6. HP: 42/45 MP: 6/10
  3829 | D:4      | HP: 2/45 [something/puff of frost (2)]
  3835 | D:4      | HP: 2/45 [something/puff of frost (1)]
  3846 | D:4      | Killed from afar by an orc wizard

Vault maps used:
D:1:      erik_arrival_orb_chamber, st_stairs_1
D:2:      chequers_ecumenical_altar_twisty, minmay_misc_feat_iff
D:3:      nicolae_overflow_crystal_walls, first_ration, lemuel_angel_altar,
          uniq_terence
D:4:      kennysheep_big_flooded_room

Skill      XL: |  1  2  3  4  5 |
---------------+----------------+-----
Dodging        | 2 |  2.5
Necromancy     | 5 |  5.3
Fighting       | 1 2 |  2.3
Spellcasting   | 3 |  3.0
Throwing       | 1 |  1.6
Armour         | 1 |  1.9
Stealth        | |  1.8
Unarmed Combat | |  0.1

Action                   |  1- 3 |  4- 6 || total
-------------------------+-------+-------++-------
Melee: Unarmed           |     8 |       ||     8
       Mace              |    17 |    52 ||    69
       Kick              |     3 |     4 ||     7
       Punch             |       |     1 ||     1
Throw: Javelin           |       |     2 ||     2
 Cast: Pain              |    36 |    31 ||    67
       Animate Skeleton  |    13 |    11 ||    24
  Use: Scroll            |       |     2 ||     2
 Stab: Sleeping          |     1 |     1 ||     2
  Eat: Chunk             |     3 |     6 ||     9
Armor: Robe              |    14 |     6 ||    20
       Leather armour    |       |    11 ||    11
Dodge: Dodged            |    20 |    47 ||    67

Table legend:
 A = Spawn XP
 B = Non-spawn XP
 C = Spawn XP percentage of total XP
 D = Spawn monster count
 E = Non-spawn monster count
 F = Spawn count percentage of total count
 G = Total turns spent on level
                    A         B        C        D         E        F      G
               +---------+---------+-------+---------+---------+-------+---------
         Total |       0 |     407 |   0.0 |       0 |      69 |   0.0 |  3846
               +---------+---------+-------+---------+---------+-------+---------
           D:1 |       0 |      23 |   0.0 |       0 |      18 |   0.0 |   642
           D:2 |       0 |      70 |   0.0 |       0 |      17 |   0.0 |  1128
           D:3 |       0 |      52 |   0.0 |       0 |      12 |   0.0 |  1230
           D:4 |       0 |     262 |   0.0 |       0 |      22 |   0.0 |   846
               +---------+---------+-------+---------+---------+-------+---------
